 Dungeon Crawl Stone Soup version 0.21.1-1-g345015f (webtiles) character file.

8954 Kandryn the Basher (level 11, -4/105 HPs)
             Began as a Troll Berserker on June 19, 2018.
             Was a High Priest of Trog.
             Slain by an orange demon (5 damage)
             ... summoned by an orc high priest
             ... on level 9 of the Dungeon.
             The game lasted 01:18:15 (8373 turns).

Kandryn the Basher (Troll Berserker)                Turns: 8373, Time: 01:18:17

Health: -4/105     AC:  6    Str: 34    XL:     11   Next: 16%
Magic:  10/10      EV: 10    Int:  3    God:    Trog [*****.]
Gold:   310        SH: 21    Dex: 11    Spells: 10/10 levels left

rFire    + . .     SeeInvis .   a - +1 mace
rCold    x . .     Gourm    +   x - +2 large shield
rNeg     . . .     Faith    .   g - +0 robe
rPois    .         Spirit   .   l - +0 hat
rElec    .         Reflect  .   A - +0 cloak
rCorr    .         Harm     .   (gloves unavailable)
MR       .....                  (boots unavailable)
Stlth    ++........             (no amulet)
HPRegen  0.67/turn              r - ring "Qesiedaz" {Str+4 Stlth+}
MPRegen  0.12/turn              B - ring of fire

@: about to teleport
A: large, unfitting armour, claws 3, talons 1, agile 1, fast metabolism 3,
gourmand, regeneration 1, shaggy fur 1, tough skin 2, evolution 1
a: Berserk, Trog's Hand, Brothers in Arms, Burn Spellbooks, Renounce Religion


You were on level 9 of the Dungeon.
You worshipped Trog.
Trog was extremely pleased with you.
You were very full.

You visited 2 branches of the dungeon, and saw 10 of its levels.
You also visited: Sewer.

You collected 450 gold pieces.
You spent 140 gold pieces at shops.

Inventory:

Hand Weapons
 a - a +1 mace (weapon)
 z - a +3 quarterstaff of chaos
 C - a +0 war axe
 D - a +0 scimitar of flaming
 P - the cursed +1 mace "Fualiyge" {flame, rElec Str+3 Int+4 Dex-4, unknown}
   (You found it on level 9 of the Dungeon)

   It has been specially enchanted to burn those struck by it, causing extra
   injury to most foes and up to half again as much damage against particularly
   susceptible opponents.
   It affects your strength (+3).
   It affects your intelligence (+4).
   It affects your dexterity (-4).
   It insulates you from electricity.
   It has a curse placed upon it.
Missiles
 L - a throwing net (quivered)
Armour
 b - a +1 animal skin
 g - a +0 robe (worn)
 l - a +0 hat (worn)
 x - a +2 large shield (worn)
 A - a +0 cloak (worn)
 G - a +0 robe
Jewellery
 j - a +2 ring of strength
 m - a +3 ring of evasion
 q - an uncursed ring of magical power
 r - the ring "Qesiedaz" (left claw) {Str+4 Stlth+}
   (You found it on level 7 of the Dungeon)

   [ring of stealth]

   It affects your strength (+4).
   It makes you more stealthy.
 B - a ring of fire (right claw)
 J - an uncursed ring of positive energy
Wands
 f - a wand of polymorph (10)
 u - a wand of enslavement (13)
 y - a wand of acid (6)
 I - a wand of flame (40)
Scrolls
 d - 4 scrolls of teleportation
 h - 5 scrolls of identify
 s - 3 scrolls of fear
 t - 2 scrolls of remove curse
 E - a scroll of fog
 F - 3 scrolls of enchant armour
 K - a scroll of blinking
Potions
 e - a potion of haste
 i - a potion of flight
 n - a potion of might
 o - 2 potions of brilliance
 v - a potion of magic
 w - 2 potions of curing
 H - a potion of invisibility
Books
 N - a book of Power

   Spells                             Type                      Level
   a - Iskenderun's Battlesphere      Conjuration/Charms           5
   b - Venom Bolt                     Conjuration/Poison           5
   c - Bolt of Magma                  Conjuration/Fire/Earth       5
   d - Iron Shot                      Conjuration/Earth            6
   e - Orb of Destruction             Conjuration                  7
   f - Spellforged Servitor           Conjuration/Summoning        7
   Trog disapproves of the use of such an item.
 O - a book of Minor Magic

   Spells                             Type                      Level
   a - Magic Dart                     Conjuration                  1
   b - Blink                          Translocation                2
   c - Call Imp                       Summoning                    2
   d - Slow                           Hexes                        2
   e - Conjure Flame                  Conjuration/Fire             3
   f - Mephitic Cloud                 Conjuration/Poison/Air       3
   Trog disapproves of the use of such an item.
Comestibles
 c - 17 rations


   Skills:
 + Level 5.7 Fighting
 + Level 9.6 Maces & Flails
 + Level 6.3 Dodging
 * Level 9.1 Shields
 + Level 0.6 Evocations


You had 10 spell levels left.
You didn't know any spells.

Dungeon Overview and Level Annotations

Branches:
Dungeon (9/15)             Temple (0/1) D:7             Orc (1/2) D:9
   Lair: D:8-11

Altars:
Ashenzari
Dithmenos
Nemelex Xobeh
Okawaru
Qazlal
Sif Muna
Yredelemnul

Shops:
D:5 }   D:9 !


Innate Abilities, Weirdness & Mutations

You are too large for most types of armour.
You have claws for hands.
Your metabolism is lightning-fast.
You like to eat raw meat.
Your natural rate of healing is unusually fast.
You are covered in fur. (AC +1)
You have very tough skin. (AC +2)
You have sharp toenails.
You are agile. (Dex +2)
You evolve.


Message History

You block the orange demon's attack. You block the sun demon's attack.
The red devil closely misses you.
Your shield prevents you from hitting the orc warrior.
Your kick misses the orc warrior.
The orc high priest calls down the wrath of Beogh upon you.
Beogh smites you!
* * * LOW HITPOINT WARNING * * *
You block the orange demon's attack. x2; You block the sun demon's attack.
The orc warrior hits you with a flail!
* * * LOW HITPOINT WARNING * * *
The red devil hits you from afar with a trident.
* * * LOW HITPOINT WARNING * * *
Unknown command.
As you read the scroll of teleportation, it crumbles to dust.
You feel strangely unstable.
The orc high priest invokes the aid of Beogh against you.
Pain shoots through your body!
* * * LOW HITPOINT WARNING * * *
You block the sun demon's attack. The orange demon stings you.
You die...

#.# ##....###..# #.#
#.# #....##...######..
#.# #o#)###.o.#..#....
#.# #.#o#####O..#.##.#
#.#
##.#.##..#4##...#..
#.#
#..#.####..o..#.#.#
#.####.##4##
#..#..#....
#...##4#...#
##.##..##..
###.##o@o..#
#...#O##Oo #.##3....#
##.#.o#.>.
#.#......#####.##o..O#
#.##.....##...#.#..#o#
#.##......###.#.....4#
#.##.#...#..###...####
#.##....####......# #.
#........# #.##..## ##
####...### #######


You could see an orc high priest, a sun demon, an orange demon, a red devil and
an orc warrior.

Vanquished Creatures
  Gastronok (D:8)
  Erica (D:8)
  2 two-headed ogres (D:8)
  A troll (D:9)
  Grinder (D:5)
  A hungry ghost (D:9)
  6 humans
  9 yaks (D:9)
  2 orc warriors
  2 sky beasts
  2 phantoms (D:9)
  5 ogres
  3 centaurs
  A bullfrog (D:7)
  6 killer bees (D:8)
  4 scorpions
  3 troll zombies (D:9)
  A howler monkey (D:5)
  A crimson imp (D:5)
  A bullfrog zombie (D:7)
  A centaur skeleton (D:4)
  2 hounds
  3 orc priests (D:5)
  A human skeleton (D:3)
  3 orc wizards
  A bullfrog skeleton (D:8)
  Crazy Yiuf (D:5)
  10 worker ants
  3 ogre zombies (D:9)
  3 gnolls (D:7)
  A worker ant zombie (D:8)
  3 river rats (Sewer)
  8 adders
  A shadow imp (D:5)
  4 oozes
  2 adder zombies
  An adder skeleton (D:4)
  3 worms
  3 leopard geckos
  11 orcs
  2 giant cockroaches
  4 goblins
  5 hobgoblins
  3 quokkas
  4 ball pythons
  6 bats
  13 frilled lizards
  2 goblin skeletons (D:9)
  2 goblin zombies (D:9)
  2 hobgoblin zombies (D:9)
  A jackal zombie (D:3)
  3 kobolds (D:1)
  2 orc skeletons (D:9)
  11 orc zombies (D:9)
  19 rats
197 creatures vanquished.

Vanquished Creatures (others)
  An orc wizard (D:8)
  A worm (D:3)
  A bush (D:8)
3 creatures vanquished.

Grand Total: 200 creatures vanquished

Notes
Turn   | Place    | Note
-------+----------+-------------------------------------------
     0 | D:1      | Kandryn the Troll Berserker began the quest for the Orb.
     0 | D:1      | Reached XP level 1. HP: 22/22 MP: 0/0
   147 | D:1      | Reached XP level 2. HP: 5/29 MP: 1/1
   818 | D:2      | Reached XP level 3. HP: 36/36 MP: 2/2
  1615 | D:3      | Reached XP level 4. HP: 43/44 MP: 3/3
  1741 | D:3      | Found a glowing drain.
  1757 | Sewer    | Entered a sewer
  1773 | Sewer    | Reached ** piety under Trog
  1944 | Sewer    | Gained mutation: Your magical capacity is low. (-10% MP) [potion of mutation]
  1944 | Sewer    | Lost mutation: Your magical capacity is low. (-10% MP) [potion of mutation]
  1944 | Sewer    | Gained mutation: You evolve. [potion of mutation]
  2089 | Sewer    | Gained mutation: You have sharp toenails. [evolution]
  2225 | D:3      | Lost intelligence.
  2257 | D:3      | Found a runed door.
  2257 | D:3      | Noticed a human
  2316 | D:3      | Reached XP level 5. HP: 51/53 MP: 4/4
  2319 | D:3      | Found a basalt altar of Yredelemnul.
  2697 | D:3      | Lost intelligence.
  2837 | D:3      | Killed a human
  2837 | D:3      | Reached XP level 6. HP: 21/61 MP: 5/5
  3022 | D:4      | Reached skill level 5 in Maces & Flails
  3224 | D:4      | Found a shadowy altar of Dithmenos.
  3230 | D:4      | Found a deep blue altar of Sif Muna.
  3341 | D:4      | Found a shattered altar of Ashenzari.
  3949 | D:4      | Found a sparkling altar of Nemelex Xobeh.
  4040 | D:5      | Entered Level 5 of the Dungeon
  4139 | D:5      | Noticed a sky beast
  4158 | D:5      | Killed a sky beast
  4158 | D:5      | Reached *** piety under Trog
  4158 | D:5      | Reached XP level 7. HP: 68/68 MP: 6/6
  4293 | D:5      | Found a stormy altar of Qazlal.
  4299 | D:5      | Noticed Grinder
  4309 | D:5      | Paralysed by Grinder for 3 turns
  4320 | D:5      | Killed Grinder
  4320 | D:5      | Reached skill level 1 in Shields
  4430 | D:5      | Found Ecri Weg's Gadget Boutique.
  4769 | D:5      | Found an iron altar of Okawaru.
  4829 | D:5      | Found a runed door.
  4833 | D:5      | Noticed Crazy Yiuf
  4838 | D:5      | Killed Crazy Yiuf
  5010 | D:5      | You fall through a shaft for 3 floors!
  5076 | D:8      | Reached XP level 8. HP: 25/79 MP: 7/7
  5280 | D:8      | Gained mutation: You are agile. (Dex +2) [evolution]
  5415 | D:8      | Noticed Erica
  5465 | D:8      | Noticed a two-headed ogre
  5485 | D:8      | Noticed Gastronok
  5502 | D:8      | Killed a two-headed ogre
  5560 | D:7      | Got a twitching bone ring
  5580 | D:7      | Identified the ring "Qesiedaz" {Str+4 Stlth+} (You found it on level 7 of the Dungeon)
  5624 | D:7      | Reached XP level 9. HP: 72/87 MP: 8/8
  5728 | D:7      | Reached skill level 5 in Dodging
  5977 | D:7      | Reached skill level 5 in Shields
  6211 | D:8      | Reached skill level 5 in Fighting
  6411 | D:8      | Reached **** piety under Trog
  6490 | D:8      | Killed Gastronok
  6490 | D:8      | Reached XP level 10. HP: 57/96 MP: 9/9
  6613 | D:8      | Killed Erica
  6761 | D:8      | Noticed a two-headed ogre
  6773 | D:8      | Killed a two-headed ogre
  7304 | D:9      | Found a staircase to the Orcish Mines.
  7517 | D:9      | Reached ***** piety under Trog
  7680 | D:9      | Got a shimmering mace
  7714 | D:9      | Reached XP level 11. HP: 82/105 MP: 10/10
  8067 | D:9      | Found Avvaitt's Distillery.
  8078 | D:9      | Bought a potion of haste for 140 gold pieces
  8307 | Orc:1    | Entered Level 1 of the Orcish Mines
  8307 | Orc:1    | Noticed an orc high priest
  8311 | Orc:1    | Noticed a sixfirhy
  8312 | Orc:1    | Noticed a sun demon
  8319 | D:9      | Noticed a sun demon
  8369 | D:9      | Noticed a sun demon
  8373 | D:9      | HP: 1/105 [orc high priest/nerve-wracking pain (11)]
  8373 | D:9      | Slain by an orange demon

Skill      XL: |  1  2  3  4  5  6  7  8  9 10 11 |
---------------+----------------------------------+-----
Maces & Flails | 3 4 5 6 7 8 9 |  9.6
Dodging        | 3 4 5 6 |  6.3
Fighting       | 3 4 5 |  5.7
Shields        | 1 4 7 8 9 |  9.1
Evocations     | |  0.6

Action                   |  1- 3 |  4- 6 |  7- 9 | 10-12 || total
-------------------------+-------+-------+-------+-------++-------
Melee: Mace              |    91 |   180 |   206 |   275 ||   752
       Kick              |       |    37 |    81 |   135 ||   253
Invok: Berserk           |       |     1 |     2 |     1 ||     4
       Burn Spellbooks   |       |       |     1 |     1 ||     2
Evoke: Wand              |       |       |     4 |     2 ||     6
  Use: Scroll            |     6 |     7 |     3 |     3 ||    19
       Potion            |     1 |     7 |       |     1 ||     9
 Stab: Sleeping          |       |     3 |     1 |     1 ||     5
  Eat: Chunk             |    18 |    27 |    23 |    22 ||    90
       Ration            |       |       |     1 |       ||     1
Armor: Animal skin       |    40 |    80 |     1 |       ||   121
       Robe              |       |       |    17 |    28 ||    45
Dodge: Dodged            |    56 |    88 |    29 |    45 ||   218
Block: Large shield      |       |       |   173 |   221 ||   394
